| TOP OF THE 1ST |
|
Ohio State University Buckeyes batting - Pitching for Wichita State University Shockers : LHP Adam Schmidt
|
|
Pitching: LHP Adam Schmidt
|
|
|
Batting: LHB Efrem Isaev
|
0-0: SINGLE (Groundball, 4MD, EV 101.9 MPH)
|
|
Batting: RHB Dan Muse
|
0-0: Ball 1-0: Ground out 6-3 (Groundball, 6S, EV 68.8 MPH) Efrem Isaev to second
|
|
Batting: RHB Nick Holsinger
|
0-0: Called Strike 0-1: Ground out 6-3 (Groundball, 6, EV 82.5 MPH)
|
|
Batting: RHB Joey Black
|
0-0: Called Strike 0-1: Foul Ball, location: 2F 0-2: Strikes out swinging
|
| Top of the 1st over - 0 runs, 1 hit, 0 errors, 1 left on base; Ohio State University 0 - Wichita State University 0 |
| BOTTOM OF THE 1ST |
|
Wichita State University Shockers batting - Pitching for Ohio State University Buckeyes : RHP Su-wu Yang
|
|
Pitching: RHP Su-wu Yang
|
|
|
Batting: RHB Jonathan Iniguez
|
0-0: Ball 1-0: Ball 2-0: Ball 3-0: Called Strike 3-1: Fly out, F9 (Flyball, 89S, EV 80.0 MPH)
|
|
Batting: RHB Taffounnout Kame
|
0-0: Called Strike 0-1: Ball 1-1: Ball 2-1: Ball 3-1: Called Strike 3-2: Ground out 2-3 (Groundball, 13S, EV 62.5 MPH)
|
|
Batting: RHB Zach Maguire
|
0-0: Ball 1-0: Ball 2-0: Called Strike 2-1: Foul Ball, location: 2F 2-2: Foul Ball, location: 2F 2-2: Fly out, F9 (Flyball, 9, EV 92.5 MPH)
|
| Bottom of the 1st over - 0 runs, 0 hits, 0 errors, 0 left on base; Ohio State University 0 - Wichita State University 0 |
| TOP OF THE 2ND |
|
Ohio State University Buckeyes batting - Pitching for Wichita State University Shockers : LHP Adam Schmidt
|
|
Batting: RHB Xavier Castaneda
|
0-0: Ball 1-0: Foul Ball, location: 2F 1-1: Foul Ball, location: 2F 1-2: SINGLE (Line Drive, 78M, EV 90.0 MPH)
|
|
Batting: RHB Rick English
|
0-0: Grounds into double play, 4-6-3 (Groundball, 4, EV 89.4 MPH)
|
|
Batting: LHB Jason Kinney
|
0-0: Ball 1-0: Ball 2-0: Ground out 6-3 (Groundball, 6M, EV 101.3 MPH)
|
| Top of the 2nd over - 0 runs, 1 hit, 0 errors, 0 left on base; Ohio State University 0 - Wichita State University 0 |
| BOTTOM OF THE 2ND |
|
Wichita State University Shockers batting - Pitching for Ohio State University Buckeyes : RHP Su-wu Yang
|
|
Batting: LHB Sam Williams
|
0-0: Ball 1-0: Foul Ball, location: 2F 1-1: Ball 2-1: Swinging Strike 2-2: SINGLE (Groundball, P, EV 90.6 MPH) (infield hit)
|
|
Batting: RHB Alex Campos
|
0-0: Called Strike 0-1: Swinging Strike 0-2: Strikes out looking
|
|
Batting: RHB Manny Hensley
|
0-0: Ball 1-0: Called Strike 1-1: Called Strike 1-2: Ball 2-2: Fly out, F8 (Flyball, 89D, EV 91.3 MPH)
|
|
Batting: RHB Kieron Clark
|
0-0: Ball 1-0: Swinging Strike 1-1: Fielders Choice at 2nd, 6-4 (Groundball, 6, EV 83.1 MPH)
|
| Bottom of the 2nd over - 0 runs, 1 hit, 0 errors, 1 left on base; Ohio State University 0 - Wichita State University 0 |
| TOP OF THE 3RD |
|
Ohio State University Buckeyes batting - Pitching for Wichita State University Shockers : LHP Adam Schmidt
|
|
Batting: LHB Alex Rivera
|
0-0: Ball 1-0: Ball 2-0: Ball 3-0: Called Strike 3-1: Foul Ball, location: 2F 3-2: Ground out 4-3 (Groundball, 4M, EV 108.1 MPH)
|
|
Batting: RHB Peter Westover
|
0-0: Called Strike 0-1: Called Strike 0-2: Fly out, F9 (Flyball, 9, EV 84.4 MPH)
|
|
Batting: LHB Efrem Isaev
|
0-0: Ground out 6-3 (Groundball, 4MS, EV 76.3 MPH)
|
| Top of the 3rd over - 0 runs, 0 hits, 0 errors, 0 left on base; Ohio State University 0 - Wichita State University 0 |
| BOTTOM OF THE 3RD |
|
Wichita State University Shockers batting - Pitching for Ohio State University Buckeyes : RHP Su-wu Yang
|
|
Batting: SHB Houston Phillips
|
0-0: Foul Ball, location: 2F 0-1: Ground out 4-3 (Groundball, 4S, EV 65.0 MPH)
|
|
Batting: RHB Victor Ramirez
|
0-0: Ball 1-0: SINGLE (Flyball, 89S, EV 85.6 MPH)
|
|
Batting: RHB Jonathan Iniguez
|
0-0: Ball 1-0: Foul Ball, location: 2F 1-1: Foul Ball, location: 2F 1-2: Strikes out swinging
|
|
Batting: RHB Taffounnout Kame
|
0-0: Ball 1-0: Foul Ball, location: 2F 1-1: Foul Ball, location: 2F 1-2: Strikes out looking
|
| Bottom of the 3rd over - 0 runs, 1 hit, 0 errors, 1 left on base; Ohio State University 0 - Wichita State University 0 |
| TOP OF THE 4TH |
|
Ohio State University Buckeyes batting - Pitching for Wichita State University Shockers : LHP Adam Schmidt
|
|
Batting: RHB Dan Muse
|
0-0: Ball 1-0: Ball 2-0: Ground out 4-3 (Groundball, 4, EV 85.0 MPH)
|
|
Batting: RHB Nick Holsinger
|
0-0: Foul Ball, location: 2F 0-1: Ball 1-1: Foul Ball, location: 2F 1-2: SINGLE (Line Drive, 6M, EV 98.8 MPH)
|
|
Batting: RHB Joey Black
|
0-0: Ball 1-0: Foul Ball, location: 2F 1-1: Ball 2-1: SINGLE (Flyball, 9, EV 90.6 MPH) Nick Holsinger to second
|
|
Batting: RHB Xavier Castaneda
|
0-0: Swinging Strike 0-1: Foul Ball, location: 2F 0-2: SINGLE (Groundball, 6MD, EV 108.1 MPH) Nick Holsinger to third Joey Black to second Runner from 3rd tries for Home, SAFE, throw by CF to home
|
|
Batting: RHB Rick English
|
0-0: Swinging Strike 0-1: Called Strike 0-2: Foul Ball, location: 2F 0-2: Strikes out swinging
|
|
Batting: LHB Jason Kinney
|
0-0: Called Strike 0-1: Fly out, F8 (Flyball, 8RD, EV 108.1 MPH)
|
| Top of the 4th over - 1 run, 3 hits, 0 errors, 2 left on base; Ohio State University 1 - Wichita State University 0 |
| BOTTOM OF THE 4TH |
|
Wichita State University Shockers batting - Pitching for Ohio State University Buckeyes : RHP Su-wu Yang
|
|
Batting: RHB Zach Maguire
|
0-0: Ground out 4-3 (Groundball, 4, EV 86.9 MPH)
|
|
Batting: LHB Sam Williams
|
0-0: Ball 1-0: Foul Ball, location: 2F 1-1: Ball 2-1: Foul Ball, location: 2F 2-2: Foul Ball, location: 2F 2-2: SINGLE (Flyball, 7LS, EV 93.8 MPH)
|
|
Batting: RHB Alex Campos
|
0-0: Ball 1-0: Ball 2-0: Ball 3-0: Called Strike 3-1: Swinging Strike 3-2: Strikes out swinging
|
|
Batting: RHB Manny Hensley
|
0-0: Called Strike 0-1: Called Strike 0-2: Strikes out swinging
|
| Bottom of the 4th over - 0 runs, 1 hit, 0 errors, 1 left on base; Ohio State University 1 - Wichita State University 0 |
| TOP OF THE 5TH |
|
Ohio State University Buckeyes batting - Pitching for Wichita State University Shockers : LHP Adam Schmidt
|
|
Batting: LHB Alex Rivera
|
0-0: Ball 1-0: Called Strike 1-1: Foul Ball, location: 2F 1-2: Foul Ball, location: 2F 1-2: Ball 2-2: Strikes out swinging
|
|
Batting: RHB Peter Westover
|
0-0: Foul Ball, location: 2F 0-1: Ball 1-1: Called Strike 1-2: Fly out, F8 (Flyball, 8RD, EV 86.9 MPH)
|
|
Batting: LHB Efrem Isaev
|
0-0: Called Strike 0-1: Ball 1-1: Ball 2-1: Fly out, F7 (Line Drive, 7, EV 108.1 MPH)
|
| Top of the 5th over - 0 runs, 0 hits, 0 errors, 0 left on base; Ohio State University 1 - Wichita State University 0 |
| BOTTOM OF THE 5TH |
|
Wichita State University Shockers batting - Pitching for Ohio State University Buckeyes : RHP Su-wu Yang
|
|
Batting: RHB Kieron Clark
|
0-0: Called Strike 0-1: Foul Ball, location: 2F 0-2: Strikes out swinging
|
|
Batting: SHB Houston Phillips
|
0-0: Foul Ball, location: 2F 0-1: Ball 1-1: SINGLE (Line Drive, 89M, EV 99.4 MPH)
|
|
Batting: RHB Victor Ramirez
|
0-0: Fielders Choice at 2nd, 4-6 (Groundball, 4, EV 86.3 MPH)
|
|
Batting: RHB Jonathan Iniguez
|
0-0: Called Strike 0-1: SINGLE (Groundball, 6MD, EV 96.9 MPH) Victor Ramirez to second Runner from 2nd tries for 3rd, SAFE, throw by CF made to third
|
|
Batting: RHB Taffounnout Kame
|
0-0: Ball 1-0: SINGLE (Groundball, 56D, EV 98.1 MPH) Victor Ramirez scores Jonathan Iniguez to second
|
|
Batting: RHB Zach Maguire
|
0-0: Called Strike 0-1: Called Strike 0-2: Fly out, F8 (Line Drive, 8RM, EV 98.1 MPH)
|
| Bottom of the 5th over - 1 run, 3 hits, 0 errors, 2 left on base; Ohio State University 1 - Wichita State University 1 |
| TOP OF THE 6TH |
|
Ohio State University Buckeyes batting - Pitching for Wichita State University Shockers : LHP Adam Schmidt
|
|
Batting: RHB Dan Muse
|
0-0: Ball 1-0: Called Strike 1-1: Fly out, F4 (Popup, 4D, EV 54.4 MPH)
|
|
Batting: RHB Nick Holsinger
|
0-0: Called Strike 0-1: Called Strike 0-2: Ball 1-2: Ball 2-2: SINGLE (Groundball, 6MD, EV 107.5 MPH)
|
|
Batting: RHB Joey Black
|
0-0: Swinging Strike 0-1: Foul Ball, location: 2F 0-2: Strikes out looking
|
|
Batting: RHB Xavier Castaneda
|
0-0: Ball 1-0: Fly out, F7 (Flyball, 78M, EV 90.6 MPH)
|
| Top of the 6th over - 0 runs, 1 hit, 0 errors, 1 left on base; Ohio State University 1 - Wichita State University 1 |
| BOTTOM OF THE 6TH |
|
Wichita State University Shockers batting - Pitching for Ohio State University Buckeyes : RHP Su-wu Yang
|
|
Pitching: RHP Victor Padilla
|
|
|
Batting: LHB Sam Williams
|
0-0: Reached on error, E6 (Groundball, 6, EV 102.5 MPH)
|
|
Batting: RHB Alex Campos
|
0-0: Swinging Strike 0-1: Foul Ball, location: 2F 0-2: Ball 1-2: Ball 2-2: Reached on error, E3 (Groundball, 34, EV 88.8 MPH) Sam Williams to second
|
|
Batting: RHB Manny Hensley
|
0-0: Foul Ball, location: 2F 0-1: Foul Ball, location: 2F 0-2: SINGLE (Line Drive, 89S, EV 104.4 MPH) Sam Williams to third Alex Campos to second
|
|
Batting: RHB Kieron Clark
|
0-0: Ball 1-0: Foul Ball, location: 2F 1-1: Ball 2-1: Foul Ball, location: 2F 2-2: Ball 3-2: Fly out, F9 (Flyball, 89D, EV 90.6 MPH) Runner from 3rd tags up, SCORES, throw by RF Alex Campos to third
|
|
Batting: SHB Houston Phillips
|
0-0: Called Strike 0-1: Foul Ball, location: 2F 0-2: SINGLE (Groundball, 56, EV 97.5 MPH) Alex Campos scores Manny Hensley to second
|
|
Batting: RHB Victor Ramirez
|
0-0: Ball 1-0: Ball 2-0: Ball 3-0: Base on Balls Manny Hensley to third Houston Phillips to second
|
|
Batting: RHB Jonathan Iniguez
|
0-0: SINGLE (Groundball, 23, EV 72.5 MPH) (infield hit) Manny Hensley scores Houston Phillips to third Victor Ramirez to second
|
|
Batting: RHB Taffounnout Kame
|
0-0: Ball 1-0: Fly out, F9 (Flyball, 9LS, EV 86.9 MPH)
|
|
Batting: RHB Zach Maguire
|
0-0: Fly out, F8 (Flyball, 8LXD, EV 98.1 MPH)
|
| Bottom of the 6th over - 3 runs, 3 hits, 2 errors, 3 left on base; Ohio State University 1 - Wichita State University 4 |
| TOP OF THE 7TH |
|
Ohio State University Buckeyes batting - Pitching for Wichita State University Shockers : LHP Adam Schmidt
|
|
Batting: RHB Rick English
|
0-0: Called Strike 0-1: Called Strike 0-2: Ball 1-2: Fly out, F8 (Line Drive, 8RM, EV 90.0 MPH)
|
|
Pitching: RHP Dustin Nichols
|
|
|
Batting: LHB Jason Kinney
|
0-0: Called Strike 0-1: Foul Ball, location: 2F 0-2: Ball 1-2: Ball 2-2: Strikes out looking
|
|
Batting: LHB Alex Rivera
|
0-0: Ball 1-0: Ball 2-0: Swinging Strike 2-1: Foul Ball, location: 2F 2-2: Ball 3-2: Ground out 5-3 (Groundball, 56, EV 98.1 MPH)
|
| Top of the 7th over - 0 runs, 0 hits, 0 errors, 0 left on base; Ohio State University 1 - Wichita State University 4 |
| BOTTOM OF THE 7TH |
|
Wichita State University Shockers batting - Pitching for Ohio State University Buckeyes : RHP Victor Padilla
|
|
Pitching: LHP Ian Tamburrino
|
|
|
Batting: LHB Sam Williams
|
0-0: Called Strike 0-1: Fly out, F9 (Flyball, 9LM, EV 103.1 MPH)
|
|
Batting: RHB Alex Campos
|
0-0: Swinging Strike 0-1: Foul Ball, location: 2F 0-2: Fly out, F8 (Line Drive, 8LD, EV 93.1 MPH)
|
|
Batting: RHB Manny Hensley
|
0-0: Ball 1-0: Swinging Strike 1-1: Ball 2-1: Ball 3-1: Foul Ball, location: 2F 3-2: Foul Ball, location: 2F 3-2: Foul Ball, location: 2F 3-2: Strikes out swinging
|
| Bottom of the 7th over - 0 runs, 0 hits, 0 errors, 0 left on base; Ohio State University 1 - Wichita State University 4 |
| TOP OF THE 8TH |
|
Ohio State University Buckeyes batting - Pitching for Wichita State University Shockers : RHP Dustin Nichols
|
|
Pitching: RHP David Landa
|
|
|
Pinch Hitting: LHB Bill Lorimer
|
0-0: Ball 1-0: Called Strike 1-1: Ball 2-1: Foul Ball, location: 2F 2-2: Ball 3-2: Base on Balls
|
|
Batting: LHB Efrem Isaev
|
0-0: Fly out, F7 (Line Drive, 7, EV 88.1 MPH)
|
|
Batting: RHB Dan Muse
|
0-0: DOUBLE (Flyball, 89XD, EV 99.4 MPH) Bill Lorimer to third Runner from 3rd tries for Home, SAFE, no throw by CF
|
|
Batting: RHB Nick Holsinger
|
0-0: Called Strike 0-1: SINGLE (Line Drive, 89S, EV 100.6 MPH) Dan Muse to third Runner from 3rd tries for Home, SAFE, throw by CF to home
|
|
Batting: RHB Joey Black
|
0-0: Swinging Strike 0-1: Ball 1-1: Ball 2-1: Ball 3-1: Base on Balls Nick Holsinger to second
|
|
Pinch Runner at 2nd David Garnica:
|
|
|
Batting: RHB Xavier Castaneda
|
0-0: Swinging Strike 0-1: Foul Ball, location: 2F 0-2: Grounds into double play, 5-4-3 (Groundball, 5S, EV 90.6 MPH)
|
| Top of the 8th over - 2 runs, 2 hits, 0 errors, 1 left on base; Ohio State University 3 - Wichita State University 4 |
| BOTTOM OF THE 8TH |
|
Wichita State University Shockers batting - Pitching for Ohio State University Buckeyes : LHP Ian Tamburrino
|
|
Now at 1B: David Garnica
|
|
|
Now at SS: Jesus Gomez
|
|
|
Batting: RHB Kieron Clark
|
0-0: Ball 1-0: Ball 2-0: Ball 3-0: Called Strike 3-1: Base on Balls
|
|
Batting: SHB Houston Phillips
|
0-0: Bunt - Flyout to 15S! F1
|
|
Batting: RHB Victor Ramirez
|
0-0: Ball 1-0: Ball 2-0: Called Strike 2-1: Ball 3-1: Base on Balls Kieron Clark to second
|
|
Batting: RHB Jonathan Iniguez
|
0-0: Ball 1-0: Fielders Choice at 2nd, 4-6 (Groundball, 4, EV 88.1 MPH) Kieron Clark to third
|
|
Batting: RHB Taffounnout Kame
|
0-0: Foul Ball, location: 2F 0-1: Ball 1-1: Ball 2-1: Called Strike 2-2: Strikes out swinging
|
| Bottom of the 8th over - 0 runs, 0 hits, 0 errors, 2 left on base; Ohio State University 3 - Wichita State University 4 |
| TOP OF THE 9TH |
|
Ohio State University Buckeyes batting - Pitching for Wichita State University Shockers : RHP David Landa
|
|
Pitching: LHP Dzintars Balodis
|
|
|
Batting: RHB Rick English
|
0-0: Ball 1-0: Called Strike 1-1: Ball 2-1: Ball 3-1: Foul Ball, location: 2F 3-2: SINGLE (Flyball, 78S, EV 91.9 MPH)
|
|
Pinch Hitting: RHB Phil McFadden
|
0-0: Sac Bunt - play at second, runner OUT -> throw to first, DP!
|
|
Pinch Hitting: RHB Aukukero Tairi
|
0-0: Ball 1-0: Ball 2-0: Swinging Strike 2-1: Foul Ball, location: 2F 2-2: Strikes out swinging
|
| Top of the 9th over - 0 runs, 1 hit, 0 errors, 0 left on base; Ohio State University 3 - Wichita State University 4 |
|